 Dungeon Crawl Stone Soup version 0.31-a0-188-g5e087ee2ca (webtiles) character file.

Game seed: 9940930179603994244

532 qw the Skirmisher (level 7, -2/40 HPs)
             Began as a Deep Elf Hunter on June 23, 2023.
             Slain by Pikel
             ... wielding a +0 whip of flaming
              (10 damage)
             ... on level 4 of the Dungeon.
             The game lasted 00:01:22 (3313 turns).

qw the Skirmisher (Deep Elf Hunter)                 Turns: 3313, Time: 00:01:23

Health: -2/40      AC:  7    Str:  9      XL:     7   Next: 3%
Magic:  9/9        EV: 12    Int: 12 (13) God:
Gold:   297        SH:  5    Dex: 22      Spells: 6/6 levels left

rFire   . . .        Y - +0 shortbow (flame)
rCold   . . .        (shield currently unavailable)
rNeg    . . .        h - +0 ring mail
rPois   .            (no helmet)
rElec   .            (no cloak)
rCorr   .            i - +0 pair of gloves
SInv    .            b - +0 pair of boots
Will    .....        g - amulet of reflection
Stlth   ++           (no ring)
HPRegen 0.26/turn    (no ring)
MPRegen 0.11/turn

%: reflection
@: no status effects
A: agile 1, deterioration 1, subdued magic 1, MP-powered wands
a: no special abilities


You were on level 4 of the Dungeon.
You visited 1 branch of the dungeon, and saw 4 of its levels.

You collected 297 gold pieces.


Innate Abilities, Weirdness & Mutations

You are agile. (Dex +4, Str/Int -1)
Your body sometimes deteriorates upon taking damage.
Your spells are a little easier to cast, but a little less powerful.
You expend magic power (3 MP) to strengthen your wands.


   Skills:
 - Level 2.1 Fighting
 + Level 9.2 Ranged Weapons
 - Level 2.5 Armour
 - Level 4.0 Dodging
 - Level 1.2 Stealth


You had 6 spell levels left.
You didn't know any spells.
Your spell library was empty.

Inventory:

Hand Weapons
 Y - a +0 shortbow of flaming (weapon)
Armour
 b - a +0 pair of boots (worn)
 c - the +3 leather armour of Moanosh {Harm *Slow Fly Stlth+}
   (You found it on level 4 of the Dungeon)

   Fly:       It grants you flight.
   *Slow:     It may slow you when you take damage.
   Harm:      It increases damage dealt and taken.
   Stlth:     It makes you more stealthy.
 h - a +0 ring mail (worn)
 i - a +0 pair of gloves (worn)
Jewellery
 g - an amulet of reflection (around neck)
 j - a ring of fire
Scrolls
 f - 3 scrolls of identify
Potions
 a - a potion of berserk rage {unknown}
 d - 2 potions of curing
 e - 2 potions of mutation
 k - a potion of might {unknown}
 l - 2 potions of lignification {unknown}
 m - a potion of heal wounds {unknown}

Dungeon Overview and Level Annotations

Branches:
Dungeon (4/15)
 Temple: D:4-7

Altars:
Ashenzari
Cheibriados
Uskayaw
Vehumet
The Shining One

Annotations:
D:3 3 runed translucent doors, qw's ghost, amateur DEHu
D:4 Pikel


Message History

You shoot an arrow.
The arrow hits the lemure but does no damage.
The lemure is moderately wounded.
Pikel cracks his whip.
You block the lemure's attack. The lemure barely misses you.
You shoot an arrow. The arrow barely misses the lemure.
Pikel says, "It's all about the gold, really."
The lemure hits you but does no damage. The lemure closely misses you.
You shoot an arrow. The arrow closely misses the lemure.
The lemure barely misses you. The lemure hits you.
You shoot an arrow. The arrow hits the lemure!
The arrow burns the lemure.
The lemure is severely wounded.
The lemure hits you.
You shoot an arrow. The arrow hits the lemure.
The arrow burns the lemure.
The lemure is almost dead.
The lemure closely misses you.
You shoot an arrow. The arrow closely misses the lemure.
Pikel says, "You'll feel the lick of my whip!"
Pikel misses you. The lemure hits you!
Your body deteriorates!
You feel dopey.
You shoot an arrow. The arrow hits the lemure.
The arrow burns the lemure.
The lemure is almost dead.
Pikel hits you but does no damage. The lemure hits you.
You shoot an arrow. The arrow hits the lemure.
The arrow burns the lemure.
You kill the lemure!
That felt strangely unrewarding.
Pikel says, "Antaeus said I was his favorite kobold.
Me!"
You block Pikel's attack.
You shoot an arrow. The arrow closely misses the lemure.
Pikel misses you. The lemure hits you.
Pikel hits you with a +0 whip of flaming.
Pikel burns you. The lemure barely misses you.
You shoot an arrow. The arrow barely misses Pikel.
Pikel hits you with a +0 whip of flaming.
Pikel burns you. The lemure hits you.
You shoot an arrow. The arrow closely misses Pikel.
Pikel hits you but does no damage. The lemure barely misses you.
You shoot an arrow. The arrow closely misses Pikel.
Pikel hits you with a +0 whip of flaming!
You die...

#........# #.#
#........# #.# ...
########## #.# #..#
##.##..###
#.........
##.###.####
##..###5#
###..###K5#
##.....#.@##
#..._......#
#..........#
##.#####....# #
###..#..(#....#
#####....#..(#....#
.........#####....#
..................#
....)...#####...###


You could see Pikel, 2 lemures and 2 dancing weapons.

Vanquished Creatures
  Sigmund (D:2)
  Eustachio (D:4)
  2 lemures (D:4)
  Natasha (twice) (D:2)
  Ijyb (D:2)
  4 adders
  2 worms
  3 dart slugs
  7 orcs (D:3)
  7 bats
  8 endoplasms
  3 giant cockroaches
  10 goblins
  11 hobgoblins
  3 jackals (D:1)
  5 kobolds
  5 quokkas
  10 ball pythons
  4 frilled lizards
  8 rats
97 creatures vanquished.

Notes
Turn   | Place    | Note
-------+----------+-------------------------------------------
     0 | D:1      | qw the Deep Elf Hunter began the quest for the Orb.
     0 | D:1      | Reached XP level 1. HP: 12/12 MP: 3/3
     0 | D:1      | 0 ||| qw: Version: 0.3-a-9-g12657ce
     0 | D:1      | 0 ||| qw: Game counter: 4347
     0 | D:1      | 0 ||| qw: Always use a shield: true
     0 | D:1      | 0 ||| qw: God list: Okawaru
     0 | D:1      | 0 ||| qw: Allow faded altars: false
     0 | D:1      | 0 ||| qw: Do Orc after D:15 true
     0 | D:1      | 0 ||| qw: Do second Lair branch before Depths: true
     0 | D:1      | 0 ||| qw: Lair rune preference: random
     0 | D:1      | 0 ||| qw: Plans: Normal
     0 | D:1      | 0 ||| PLANNING D:1-11
   102 | D:1      | Reached XP level 2. HP: 16/16 MP: 4/4
   119 | D:1      | Reached skill level 6 in Ranged Weapons
   642 | D:1      | Reached XP level 3. HP: 20/20 MP: 5/5
   854 | D:1      | 854 ||| UPGRADING to amulet of reflection.
   859 | D:1      | 859 ||| READING scroll labelled ACRAIVUCSO.
   860 | D:1      | 860 ||| READING scroll labelled RENAARR NOEC.
   861 | D:1      | 861 ||| DRINKING 2 smoky blue potions.
   862 | D:1      | 862 ||| DRINKING 2 yellow potions.
   862 | D:1      | Gained mutation: Your body sometimes deteriorates upon
                  | taking damage. [potion of mutation]
   862 | D:1      | Gained mutation: Your spells are a little easier to cast,
                  | but a little less powerful. [potion of mutation]
   862 | D:1      | Gained mutation: You are agile. (Dex +4, Str/Int -1)
                  | [potion of mutation]
   862 | D:1      | Gained mutation: You expend magic power (3 MP) to
                  | strengthen your wands. [potion of mutation]
   863 | D:1      | 863 ||| DROPPING scroll of butterflies.
   935 | D:2      | Found a faded altar of an unknown god.
  1083 | D:2      | Noticed Sigmund
  1089 | D:2      | Killed Sigmund
  1090 | D:2      | Reached skill level 9 in Ranged Weapons
  1090 | D:2      | Reached XP level 4. HP: 20/25 MP: 6/6
  1090 | D:2      | Reached XP level 5. HP: 23/29 MP: 7/7
  1096 | D:2      | 1096 ||| FLEEEEING.
  1097 | D:2      | 1097 ||| FLEEEEING.
  1098 | D:2      | 1098 ||| FLEEEEING.
  1100 | D:2      | 1100 ||| FLEEEEING.
  1104 | D:2      | 1104 ||| FLEEEEING.
  1105 | D:2      | 1105 ||| FLEEEEING.
  1254 | D:2      | 1254 ||| Stepping ~*~*~tactically~*~*~ (outnumbered).
  1346 | D:2      | 1346 ||| FLEEEEING.
  1347 | D:2      | 1347 ||| FLEEEEING.
  1356 | D:2      | 1356 ||| FLEEEEING.
  1357 | D:2      | 1357 ||| FLEEEEING.
  1358 | D:2      | 1358 ||| FLEEEEING.
  1363 | D:2      | Reached skill level 3 in Dodging
  1637 | D:2      | Found a glowing golden altar of the Shining One.
  1643 | D:2      | Noticed Natasha
  1646 | D:2      | 1646 ||| FLEEEEING.
  1649 | D:2      | Killed Natasha
  1679 | D:2      | 1679 ||| UPGRADING to +0 pair of boots.
  1684 | D:2      | 1684 ||| READING scroll labelled JESTRU MOATHROSK.
  1685 | D:2      | 1685 ||| READING scroll labelled NICUHO LEDALE.
  1690 | D:2      | Noticed Natasha
  1694 | D:2      | 1694 ||| Stepping ~*~*~tactically~*~*~ (outnumbered).
  1696 | D:2      | 1696 ||| Stepping ~*~*~tactically~*~*~ (outnumbered).
  1704 | D:2      | Killed Natasha
  1705 | D:2      | Reached XP level 6. HP: 26/35 MP: 8/8
  1749 | D:3      | Noticed Ijyb
  1757 | D:3      | 1757 ||| STAIRDANCE
  1769 | D:2      | Killed Ijyb
  1818 | D:3      | 1818 ||| FLEEEEING.
  1819 | D:3      | 1819 ||| FLEEEEING.
  1820 | D:3      | 1820 ||| FLEEEEING.
  1821 | D:3      | 1821 ||| FLEEEEING.
  1822 | D:3      | 1822 ||| FLEEEEING.
  1824 | D:3      | 1824 ||| STAIRDANCE
  2089 | D:3      | Found a snail-covered altar of Cheibriados.
  2194 | D:3      | Found a broken altar of Ashenzari.
  2224 | D:3      | Noticed qw's ghost (amateur DEHu)
  2406 | D:3      | Found a runed translucent gate.
  2406 | D:3      | Found a runed translucent gate.
  2407 | D:3      | Found a runed translucent gate.
  2456 | D:3      | 2456 ||| UPGRADING to +0 ring mail.
  2459 | D:3      | 2459 ||| UPGRADING to +0 ring mail.
  2465 | D:3      | 2465 ||| UPGRADING to +0 ring mail.
  2475 | D:3      | 2475 ||| DROPPING +0 leather armour.
  2476 | D:3      | 2476 ||| UPGRADING to +0 pair of gloves.
  2524 | D:3      | Found a glowing golden altar of the Shining One.
  2525 | D:3      | Found a radiant altar of Vehumet.
  2862 | D:3      | 2862 ||| READING scroll labelled SURURI OMOL.
  2907 | D:4      | Identified the +3 leather armour of Moanosh {Harm *Slow Fly
                  | Stlth+}
  2972 | D:4      | Noticed Eustachio
  2989 | D:4      | Killed Eustachio
  3136 | D:4      | Reached XP level 7. HP: 40/40 MP: 9/9
  3219 | D:4      | Found a hide-covered altar of Uskayaw.
  3231 | D:4      | Noticed a +0 hand axe
  3232 | D:4      | Noticed a +0 dagger
  3299 | D:4      | Noticed Pikel
  3311 | D:4      | HP: 10/40 [Pikel/+0 whip of flaming (2)]
  3313 | D:4      | Slain by Pikel

Levels and vault maps discovered:
D:1:      lightli_arrival_farm, layout_basic
D:2:      layout_basic, ebering_ecumenical_altar_rust, basic_altar,
          uniq_sigmund, uniq_natasha
D:3:      minmay_chambers_of_twos, layout_loops_corners,
          mainiacjoe_overflow_six_doors_small, lemuel_doored_altar,
          jmf_multi_god_temple, gammafunk_ghost_icy, minmay_misc_feat_rows,
          uniq_ijyb
D:4:      layout_basic, dancing_weapons_uskayaw, uniq_eustachio, uniq_pikel

Skill      XL: |  1  2  3  4  5  6 |
---------------+-------------------+-----
Ranged Weapons | 6 9 |  9.2
Dodging        | 3 4 |  4.0
Fighting       | 2 |  2.1
Armour         | 2 |  2.5
Stealth        | |  1.2

Action                     |  1- 3 |  4- 6 |  7- 9 || total
---------------------------+-------+-------+-------++-------
   Fire: Shortbow          |    72 |   173 |    36 ||   281
    Use: Scroll            |     2 |     3 |       ||     5
         Potion            |     2 |       |       ||     2
 Armour: Leather armour    |     3 |     9 |       ||    12
         Ring mail         |       |     2 |     6 ||     8
  Dodge: Dodged            |    12 |    34 |    12 ||    58
  Block: Other             |       |    15 |     6 ||    21

Table legend:
 A = Non-vault XP
 B = Vault XP
 C = Vault XP percentage of total XP
 D = Non-vault monster count
 E = Vault monster count
 F = Vault count percentage of total count
                 A         B        C        D         E       F
            +---------+---------+-------+---------+---------+-------
      Total |     232 |     528 |  69.5 |      81 |      14 |  14.7
            +---------+---------+-------+---------+---------+-------
        D:1 |      49 |       0 |   0.0 |      28 |       0 |   0.0
        D:2 |      93 |     302 |  76.5 |      27 |       3 |  10.0
        D:3 |      55 |      23 |  29.5 |      20 |      10 |  33.3
        D:4 |      35 |     203 |  85.3 |       6 |       1 |  14.3
            +---------+---------+-------+---------+---------+-------
